 Dungeon Crawl Stone Soup version 0.18.1-47-g9310371 (webtiles) character file.

891 Vincendra the Ruffian (level 7, -1/71 HPs)
             Began as a Troll Berserker on June 18, 2016.
             Was a Follower of Trog.
             Slain by a gnoll
             ... wielding a +0 halberd
              (8 damage)
             ... on level 5 of the Dungeon.
             The game lasted 00:32:17 (5149 turns).

Vincendra the Ruffian (Troll Berserker)             Turns: 5149, Time: 00:32:18

Health: -1/71      AC:  6    Str: 28    XL:     7   Next: 77%
Magic:  6/6        EV: 11    Int:  3    God:    Trog [*.....]
Gold:   113        SH:  0    Dex:  9    Spells: 0 memorised, 6 levels left

rFire  . . .     SeeInvis .       - Unarmed
rCold  . . .     Gourm    +     a - +1 animal skin
rNeg   . . .     Faith    .     (no shield)
rPois  .         Spirit   .     (helmet restricted)
rElec  .         Dismiss  .     (no cloak)
rCorr  .         Reflect  .     (gloves unavailable)
SustAt .         Harm     .     (boots unavailable)
MR     .....                    (no amulet)
Stlth  +.........               (no ring)
                                (no ring)

@: exhausted, slowed, very slow, not resistant to hostile enchantments, very
unstealthy
A: unfitting armour, claws 3, fast metabolism 3, gourmand, regeneration 2,
shaggy fur 1, tough skin 2
a: Berserk, Burn Spellbooks, Renounce Religion


You were on level 5 of the Dungeon.
You worshipped Trog.
Trog was aware of your devotion.
You were not hungry.

You visited 2 branches of the dungeon, and saw 6 of its levels.
You also visited: Sewer.

You collected 203 gold pieces.
You spent 90 gold pieces at shops.

Inventory:

Missiles
 s - 29 stones (quivered)
Armour
 a - a +1 animal skin (worn)
Jewellery
 m - an uncursed ring of magical power {unknown}
 r - an uncursed ring of stealth {unknown}
Wands
 n - a wand of lightning (5/15)
Scrolls
 e - 2 scrolls of recharging {unknown}
 f - a scroll of noise
 g - 2 scrolls of remove curse {unknown}
 h - 3 scrolls of identify
 o - 2 scrolls of fear {unknown}
 p - a scroll of random uselessness {unknown}
 q - a scroll of teleportation
 v - a scroll of blinking {unknown}
 w - a scroll of immolation {unknown}
Potions
 c - 3 potions of degeneration
 j - 2 potions of invisibility {unknown}
 k - a potion of lignification {unknown}
 l - 3 potions of curing
 t - a potion of ambrosia {unknown}
 u - a potion of agility {unknown}
Comestibles
 b - 3 bread rations
 d - a beef jerky
 i - 4 meat rations


   Skills:
 + Level 4.5 Fighting
 + Level 5.4 Dodging
 + Level 0.5 Stealth
 + Level 5.5 Unarmed Combat


You had 6 spell levels left.
You didn't know any spells.

Dungeon Overview and Level Annotations

Branches:
Dungeon (5/15)             Temple (1/1) D:4

Altars:
Ashenzari
Dithmenos
Elyvilon
Gozag
Kikubaaqudgha
Makhleb
Okawaru
Pakellas
Qazlal
Ru
Sif Muna
Trog
Vehumet
Xom
Zin
The Shining One

Shops:
D:4 }


Innate Abilities, Weirdness & Mutations

You are too large for most types of armour.
You have claws for hands.
Your metabolism is lightning-fast.
You like to eat raw meat.
You heal very quickly.
You are covered in fur (AC +1).
You have very tough skin (AC +2).


Message History

The gnoll hits you from afar with a halberd!
A wight comes into view. It is wielding a trident.
You feel your anger subside.
You are no longer berserk.
You are exhausted.
You feel yourself slow down. The gnoll completely misses you.
Found a bread ration.
You completely miss the gnoll.
The gnoll hits you from afar with a halberd! x2
The gnoll hits you but does no damage. The gnoll misses you.
You scratch the gnoll.
The gnoll is moderately wounded.
The gnoll hits you from afar with a halberd.
* * * LOW HITPOINT WARNING * * *
The gnoll hits you.
* * * LOW HITPOINT WARNING * * *
The gnoll hits you from afar with a halberd!
* * * LOW HITPOINT WARNING * * *
The wight hits you but does no damage.
The gnoll hits you from afar with a halberd!
You die...

#...........#....§
%.....#...........#...#§
...?..#...........#....#
......#########...#.....
..............#####.....
........................
z.......................
........................
......z@....>...........
....z..g................
.......g)g..............
#########...............
#...............
#...............
#.....##+######'
..#.....#......)..
.........#......)).


You could see 3 wights and 3 gnolls.

Vanquished Creatures
  Sigmund (D:2)
  Purgy (Sewer)
  A howler monkey (D:4)
  A crimson imp (D:5)
  An orc priest (D:5)
  A jelly (D:5)
  4 orc wizards
  Ijyb (D:3)
  6 worker ants
  5 gnolls
  3 adders
  An ooze (D:1)
  2 adder skeletons
  3 worms
  3 dart slugs
  13 giant geckos
  6 orcs
  7 giant cockroaches
  13 goblins
  11 hobgoblins
  4 quokkas
  A ball python (D:2)
  5 bats
  4 giant newts
  A jackal skeleton (D:5)
  16 kobolds
  4 rats
  2 plants (Temple)
121 creatures vanquished.

Notes
Turn   | Place    | Note
--------------------------------------------------------------
     0 | D:1      | Vincendra the Troll Berserker began the quest for the Orb.
     0 | D:1      | Reached XP level 1. HP: 22/22 MP: 0/0
   158 | D:1      | Reached XP level 2. HP: 29/29 MP: 1/1
   508 | D:1      | Reached XP level 3. HP: 36/36 MP: 2/2
   986 | D:2      | Noticed Sigmund
  1001 | D:2      | Killed Sigmund
  1001 | D:2      | Reached XP level 4. HP: 9/46 MP: 3/3
  1001 | D:2      | Reached XP level 5. HP: 11/53 MP: 4/4
  1252 | D:2      | Reached ** piety under Trog
  1260 | D:2      | Found a sacrificial altar of Ru.
  2093 | D:2      | Reached XP level 6. HP: 58/62 MP: 5/5
  2244 | D:3      | Found a glowing drain.
  2260 | Sewer    | Entered a sewer
  2646 | Sewer    | Noticed Purgy
  2658 | Sewer    | Killed Purgy
  2948 | D:3      | Found a radiant altar of Vehumet.
  2957 | D:3      | Noticed Ijyb
  2967 | D:3      | Killed Ijyb
  3001 | D:3      | Found a faded altar to an unknown god.
  3018 | D:3      | Fell from the grace of Trog
  3018 | D:3      | Became a worshipper of the Shining One
  3018 | D:3      | Reached * piety under the Shining One
  3162 | D:3      | Found a bloodstained altar of Trog.
  3176 | D:3      | Fell from the grace of the Shining One
  3176 | D:3      | Became a worshipper of Trog the Wrathful
  3672 | D:4      | Found a staircase to the Ecumenical Temple.
  3693 | Temple   | Entered the Ecumenical Temple
  4166 | D:4      | Reached XP level 7. HP: 51/70 MP: 6/6
  4364 | D:4      | Found a deep blue altar of Sif Muna.
  4372 | D:4      | Found an oddly glowing altar of Pakellas.
  4379 | D:4      | Found an ancient bone altar of Kikubaaqudgha.
  4550 | D:4      | Reached skill level 5 in Unarmed Combat
  4551 | D:4      | Found Okhax's Gadget Boutique.
  4633 | D:5      | Entered Level 5 of the Dungeon
  4635 | D:5      | Found Zin's Purification Station.
  4638 | D:5      | Found a glowing silver altar of Zin.
  4647 | D:5      | Bought a potion of curing for 90 gold pieces
  4688 | D:5      | Reached skill level 5 in Dodging
  4939 | D:5      | Found a shadowy altar of Dithmenos.
  5001 | D:5      | Reached * piety under Trog
  5149 | D:5      | Slain by a gnoll

Skill      XL: |  1  2  3  4  5  6  7 |
---------------+----------------------+-----
Fighting       | 3 4 |  4.5
Dodging        | 3 4 5 |  5.4
Unarmed Combat | 4 5 |  5.5
Stealth        | |  0.5

Action                   |  1- 3 |  4- 6 |  7- 9 || total
-------------------------+-------+-------+-------++-------
Melee: Unarmed           |    56 |   222 |    94 ||   372
       Punch             |     1 |     3 |     3 ||     7
Invok: Berserk           |     1 |     3 |     2 ||     6
  Use: Scroll            |       |     5 |       ||     5
 Stab: Sleeping          |       |     1 |     1 ||     2
       Invisible         |       |     1 |       ||     1
  Eat: Chunk             |    13 |    28 |    13 ||    54
Armor: Animal skin       |    16 |    73 |    22 ||   111
Dodge: Dodged            |    13 |   121 |    55 ||   189
